 Dungeon Crawl Stone Soup version 0.31-a0-920-g28cbb04a8c (webtiles) character file.

Game seed: 801140362097708812

7186 croobank the Nimble (level 11, -6/89 HPs)
             Began as a Gnoll Monk on Oct 17, 2023.
             Was an Initiate of Gozag.
             Killed by vampiric draining
             ... invoked by a vampire
              (19 damage)
             ... on level 10 of the Dungeon.
             The game lasted 00:34:37 (10829 turns).

croobank the Nimble (Gnoll Monk)                   Turns: 10829, Time: 00:34:38

Health: -6/89      AC:  7    Str: 10    XL:     11   Next: 11%
Magic:  20/20      EV: 14    Int: 14    God:    Gozag
Gold:   380        SH: 15    Dex: 15    Spells: 20/22 levels left

rFire   . . .        t - +2 dagger (speed)
rCold   . . .        s - +5 Storm Queen's Shield {shock, Fly rElec}
rNeg    . . .        n - +0 leather armour
rPois   .            (no helmet)
rElec   +            F - +0 cloak
rCorr   +            k - +0 pair of gloves
SInv    .            f - +0 pair of boots
Will    .....        E - amulet of regeneration
Stlth   +++          D - ring of resist corrosion
HPRegen 1.14/turn    (no ring)
MPRegen 0.17/turn

%: no passive effects
@: flying
A: fangs 1, strong nose, distributed training
a: Renounce Religion, Potion Petition, Call Merchant, Bribe Branch


You were on level 10 of the Dungeon.
You worshipped Gozag.
Gozag was aware of your devotion.
You visited 2 branches of the dungeon, and saw 11 of its levels.
You also visited: Sewer.

You collected 1210 gold pieces.
You spent 638 gold pieces at shops.
You paid 192 gold pieces to Gozag.

Inventory:

Hand Weapons
 a - a +3 short sword of holy wrath
 o - a +6 mace of holy wrath
 r - a +0 scimitar
 t - a +2 dagger of speed (weapon)
 u - the +1 great mace of Lashav {heavy, Will+}
   (You found it on level 7 of the Dungeon)

   Will+:     It increases your willpower.
 w - a +0 hand axe of flaming
 z - a +4 trident
 G - the +6 morningstar of Damp True Grit {antimagic, +Blink rPois rC- Dex-5}
   (You found it on level 9 of the Dungeon)

   Dex-5:     It affects your dexterity (-5).
   rC-:       It makes you vulnerable to cold.
   rPois:     It protects you from poison +Blink: It lets you blink.
Missiles
 A - 9 poisoned darts
 C - 4 javelins (quivered)
Armour
 d - an orb of light
 f - a +0 pair of boots (worn)
 k - a +0 pair of gloves (worn)
 n - a +0 leather armour (worn)
 s - the +5 Storm Queen's Shield (worn) {shock, Fly rElec}
   (You bought it in a shop on level 3 of the Dungeon)

   Shock:     When it blocks an attack, it may electrocute the attacker.
   This works even against foes who are a short distance away.
   rElec:     It insulates you from electricity.
   Fly:       It grants you flight.
 F - a +0 cloak (worn)
Magical Staves
 y - a staff of air
 I - a staff of cold
Jewellery
 D - a ring of resist corrosion (left hand)
 E - an amulet of regeneration (around neck)
Wands
 i - a wand of flame (10)
Scrolls
 h - a scroll of poison
 j - 6 scrolls of teleportation
 p - 4 scrolls of amnesia
 v - a scroll of identify
 J - a scroll of immolation
Potions
 c - a potion of invisibility
 g - 2 potions of curing
 q - a potion of mutation
 x - a potion of brilliance


   Skills:
 + Level 9.0 Fighting
 + Level 9.0 Short Blades
 + Level 6.1 Long Blades
 + Level 6.1 Axes
 + Level 6.1 Maces & Flails
 + Level 6.1 Polearms
 + Level 6.1 Staves
 + Level 6.1 Ranged Weapons
 + Level 6.1 Throwing
 + Level 6.1 Armour
 + Level 9.0 Dodging
 + Level 6.1 Stealth
 + Level 6.1 Shields
 + Level 6.1 Unarmed Combat
 + Level 6.1 Spellcasting
 + Level 5.0 Conjurations
 + Level 5.0 Hexes
 + Level 5.0 Summonings
 + Level 5.0 Necromancy
 + Level 5.0 Translocations
 + Level 5.0 Transmutations
 + Level 5.0 Fire Magic
 + Level 5.0 Ice Magic
 + Level 5.0 Air Magic
 + Level 5.0 Earth Magic
 + Level 5.0 Poison Magic
 + Level 6.7 Invocations
 + Level 6.1 Evocations
 + Level 5.5 Shapeshifting


You had 20 spell levels left.
You knew the following spells:

 Your Spells              Type           Power      Damage    Failure   Level
a - Blink                 Tloc           36%        N/A       14%         2

Your spell library contained the following spells:

 Spells                   Type           Power      Damage    Failure   Level
 Manifold Assault         Tloc           18%        N/A       67%         4
 Conjure Ball Lightning   Conj/Air       9%         3x3d6     100%        6
 Discord                  Hex            9%         N/A       100%        8
 Disjunction              Tloc           9%         N/A       100%        8


Dungeon Overview and Level Annotations

Branches:
Dungeon (10/15)            Temple (1/1) D:5           Sewer (visited)
   Lair: D:8-11         Orc: D:9-12

Altars:
Ashenzari
Cheibriados
Dithmenos
Elyvilon
Fedhas
Gozag
Hepliaklqana
Kikubaaqudgha
Makhleb
Nemelex Xobeh
Okawaru
Qazlal
Ru
Sif Muna
Trog
Uskayaw
Vehumet
Wu Jian
Xom
Yredelemnul
Zin
The Shining One

Shops:
D:3 [

Annotations:
D:4 1 runed translucent door, Crazy Yiuf


Innate Abilities, Weirdness & Mutations

You have very sharp teeth.
Your uncanny sense of smell can sniff out nearby items.
Your experience applies equally to all skills.


Message History

You hit something. Something hits you but does no damage. Something bites you.
Something draws strength from your injuries!
You closely miss something. You hit something but do no damage.
Your bite misses something. Something draws life force from you.
You miss something. You hit something but do no damage. Something hits you!
* * * LOW HITPOINT WARNING * * *
Something bites you!
* * * LOW HITPOINT WARNING * * *
Something draws strength from your injuries!
Aiming: Throw Flame
Press: ? - help, Shift-Dir - straight line You hear some strange, mumbled words.
Something tries to affect you, but you resist.
You feel better. Something hits you.
* * * LOW HITPOINT WARNING * * *
Something bites you.
* * * LOW HITPOINT WARNING * * *
Something draws strength from your injuries!
Throw: 5 javelins
Press: ? - help, Q - select action, (/) - cycle Shift-Dir - straight line You throw a javelin.
Something hits you.
* * * LOW HITPOINT WARNING * * *
Something bites you.
* * * LOW HITPOINT WARNING * * *
Something draws strength from your injuries!
Throw: 4 javelins
Press: ? - help, Q - select action, (/) - cycle Shift-Dir - straight line
Okay, then.
You hit something but do no damage. Your bite misses something.
You block something's attack.
Your shield discharges, shocking something!
You block something's attack.
You hit something but do no damage. You hit something but do no damage.
Your bite misses something. Something draws life force from you!!
You die...
Your body crumbles into a pile of gold.

**,,** #.........# #.
**,y###########.........# #.
**..y...######.........# #.
*#####.#######+######## #.
#############.#######.# ##
.........####.#######.#
.........####.######..#
.........####..#.....## #####
.........#####({@##...# #....
.........#####.####...# #....
.........#####>...'...# #....
.........##########...# #....
.........'......###...#######....
###......######+###........##....
#######............).....##....
#........###.......##....
#........# #.....".##....


There were no monsters in sight!

Vanquished Creatures
  Erolcha (D:10)
  2 two-headed ogres
  An ugly thing (D:9)
  A troll (D:10)
  3 hornets
  Sigmund (D:3)
  4 yaks (D:9)
  A shadow (D:10)
  A wyvern (D:9)
  A steam dragon (D:9)
  An acid dragon (D:9)
  3 orc warriors
  An ogre (D:5)
  5 centaurs
  3 phantoms
  A kobold brigand (D:10)
  6 bullfrogs
  Blork the orc (D:4)
  A gnoll sergeant (D:9)
  3 scorpions
  9 killer bees
  3 jellies
  4 orc priests
  A hound (D:6)
  A gnoll bouda (D:8)
  A sleepcap (D:6)
  Jessica (D:3)
  3 iguanas
  Ijyb (D:3)
  An orc wizard (D:10)
  Robin (D:3)
  18 gnolls
  6 adders
  2 ufetubi (D:5)
  4 dart slugs
  22 orcs
  8 ball pythons
  7 endoplasms
  14 giant cockroaches
  10 hobgoblins
  10 jackals
  10 kobolds
  14 quokkas
  3 bats
  13 frilled lizards
  12 goblins
  5 rats
225 creatures vanquished.

Notes
Turn   | Place    | Note
-------+----------+-------------------------------------------
     0 | D:1      | croobank the Gnoll Monk began the quest for the Orb.
     0 | D:1      | Reached XP level 1. HP: 23/23 MP: 1/1
    76 | D:1      | Reached XP level 2. HP: 23/29 MP: 2/2
   399 | D:1      | Reached XP level 3. HP: 24/35 MP: 3/3
   653 | D:1      | Reached skill level 1 in Invocations
  1540 | D:2      | Found a broken altar of Ashenzari.
  1594 | D:2      | Reached skill level 1 in Long Blades
  1594 | D:2      | Reached skill level 1 in Axes
  1594 | D:2      | Reached skill level 1 in Maces & Flails
  1594 | D:2      | Reached skill level 1 in Polearms
  1594 | D:2      | Reached skill level 1 in Staves
  1594 | D:2      | Reached skill level 1 in Ranged Weapons
  1594 | D:2      | Reached skill level 1 in Throwing
  1594 | D:2      | Reached skill level 1 in Armour
  1594 | D:2      | Reached skill level 1 in Stealth
  1594 | D:2      | Reached skill level 1 in Shields
  1594 | D:2      | Reached skill level 1 in Unarmed Combat
  1594 | D:2      | Reached skill level 1 in Spellcasting
  1594 | D:2      | Reached skill level 1 in Evocations
  1665 | D:2      | Reached skill level 1 in Shapeshifting
  1665 | D:2      | Reached XP level 4. HP: 22/41 MP: 5/5
  1681 | D:2      | Reached skill level 1 in Conjurations
  1681 | D:2      | Reached skill level 1 in Hexes
  1681 | D:2      | Reached skill level 1 in Summonings
  1681 | D:2      | Reached skill level 1 in Necromancy
  1681 | D:2      | Reached skill level 1 in Translocations
  1681 | D:2      | Reached skill level 1 in Transmutations
  1681 | D:2      | Reached skill level 1 in Fire Magic
  1681 | D:2      | Reached skill level 1 in Ice Magic
  1681 | D:2      | Reached skill level 1 in Air Magic
  1681 | D:2      | Reached skill level 1 in Earth Magic
  1681 | D:2      | Reached skill level 1 in Poison Magic
  2142 | D:3      | Found a glowing drain.
  2157 | Sewer    | Entered a sewer
  2231 | Sewer    | Reached XP level 5. HP: 39/47 MP: 5/7
  2583 | Sewer    | Reached XP level 6. HP: 42/53 MP: 8/8
  3010 | D:3      | Noticed Ijyb
  3033 | D:3      | Killed Ijyb
  3246 | D:3      | Noticed Jessica
  3253 | D:3      | Killed Jessica
  3328 | D:3      | Found Bozeonuc's Armour Emporium.
  3417 | D:3      | Noticed Robin
  3417 | D:3      | Noticed Sigmund
  3428 | D:3      | Killed Sigmund
  3429 | D:3      | Reached XP level 7. HP: 50/60 MP: 10/10
  3430 | D:3      | Killed Robin
  4132 | D:4      | Noticed Blork the orc
  4151 | D:4      | Killed Blork the orc
  4347 | D:4      | Found a white marble altar of Elyvilon.
  4386 | D:4      | You fall into a shaft and drop 3 floors!
  4467 | D:7      | Identified the +1 great mace of Lashav {heavy, Will+}
  4521 | D:5      | Entered Level 5 of the Dungeon
  4650 | D:4      | Reached XP level 8. HP: 61/67 MP: 12/12
  4836 | D:4      | Found a runed translucent door.
  4837 | D:4      | Noticed Crazy Yiuf
  5761 | D:5      | Found a staircase to the Ecumenical Temple.
  5893 | Temple   | Entered the Ecumenical Temple
  5962 | Temple   | Became a worshipper of Gozag Ym Sagoz the Greedy
  7384 | D:7      | Reached XP level 9. HP: 73/73 MP: 14/14
  7880 | D:7      | Learned a level 2 spell: Blink
  7902 | D:8      | Noticed a hornet
  7906 | D:8      | Killed a hornet
  8181 | D:8      | Noticed a two-headed ogre
  8200 | D:8      | Killed a two-headed ogre
  8201 | D:8      | Reached skill level 5 in Invocations
  8293 | D:8      | Noticed a hornet
  8589 | D:8      | Killed a hornet
  8983 | D:3      | Bought the +5 Storm Queen's Shield {shock, Fly rElec} for
                  | 638 gold pieces
  8983 | D:3      | Found the +5 Storm Queen's Shield {shock, Fly rElec}
  9121 | D:9      | Noticed a hornet
  9143 | D:9      | Identified the +6 morningstar of Damp True Grit {antimagic,
                  | +Blink rPois rC- Dex-5}
  9175 | D:9      | Reached XP level 10. HP: 54/80 MP: 17/17
  9204 | D:9      | Found a blossoming altar of Fedhas.
  9304 | D:9      | Noticed a cyan ugly thing
  9329 | D:8      | Reached skill level 5 in Long Blades
  9329 | D:8      | Reached skill level 5 in Axes
  9329 | D:8      | Reached skill level 5 in Maces & Flails
  9329 | D:8      | Reached skill level 5 in Polearms
  9329 | D:8      | Reached skill level 5 in Staves
  9329 | D:8      | Reached skill level 5 in Ranged Weapons
  9329 | D:8      | Reached skill level 5 in Throwing
  9329 | D:8      | Reached skill level 5 in Armour
  9329 | D:8      | Reached skill level 5 in Stealth
  9329 | D:8      | Reached skill level 5 in Shields
  9329 | D:8      | Reached skill level 5 in Unarmed Combat
  9329 | D:8      | Reached skill level 5 in Spellcasting
  9329 | D:8      | Reached skill level 5 in Evocations
  9392 | D:9      | Killed a cyan ugly thing
  9397 | D:9      | Found a shimmering altar of Xom.
  9437 | D:9      | Found a basalt altar of Yredelemnul.
  9448 | D:9      | Found an ornate altar of the Wu Jian Council.
  9639 | D:9      | Reached skill level 5 in Shapeshifting
  9671 | D:9      | Noticed a two-headed ogre
  9689 | D:9      | Killed a two-headed ogre
 10113 | D:10     | Entered Level 10 of the Dungeon
 10506 | D:10     | Reached XP level 11. HP: 76/87 MP: 19/19
 10619 | D:10     | Noticed Erolcha
 10691 | D:10     | Killed Erolcha
 10692 | D:10     | Reached skill level 5 in Conjurations
 10692 | D:10     | Reached skill level 5 in Hexes
 10692 | D:10     | Reached skill level 5 in Summonings
 10692 | D:10     | Reached skill level 5 in Necromancy
 10692 | D:10     | Reached skill level 5 in Translocations
 10692 | D:10     | Reached skill level 5 in Transmutations
 10692 | D:10     | Reached skill level 5 in Fire Magic
 10692 | D:10     | Reached skill level 5 in Ice Magic
 10692 | D:10     | Reached skill level 5 in Air Magic
 10692 | D:10     | Reached skill level 5 in Earth Magic
 10692 | D:10     | Reached skill level 5 in Poison Magic
 10829 | D:10     | Killed from afar by a vampire

Illustrated notes

Levels and vault maps discovered:
D:1:      nzn_arrival_settlement, layout_rooms, serial_forest,
          infiniplex_forest_clump_small, infiniplex_forest_straight_3,
          infiniplex_forest_3_way, infiniplex_forest_clump_long,
          infiniplex_forest_straight_2, infiniplex_forest_lined_4_way,
          infiniplex_forest_straight_5, infiniplex_forest_clump_diagonal
D:2:      layout_rooms, basic_altar, kennysheep_generic_room_10
D:3:      layout_basic, gup_sewer_entry_pipe, serial_shops,
          nicolae_shop_behind_doors, uniq_ijyb, uniq_robin, uniq_sigmund,
          uniq_jessica
D:4:      layout_cave_pools, lemuel_round_altar, lightli_corner_chamber,
          uniq_blork_the_orc, uniq_crazy_yiuf_cottage
D:5:      layout_rooms, minmay_temple_entry_proselytizer,
          chequers_serial_rivers_small_b, bh_walls_and_bars
D:6:      layout_basic
D:7:      layout_basic
D:8:      layout_rooms, minivault_19
D:9:      layout_rooms, nicolae_overflow_quartered_altars,
          kennysheep_minor_cross
D:10:     layout_basic, uniq_erolcha
Temple:   minmay_temple_bridge_d

Skill      XL: |  1  2  3  4  5  6  7  8  9 10 11 |
---------------+----------------------------------+-----
Invocations    | 1 2 3 4 5 6 |  6.7
Long Blades    | 1 2 3 4 5 6 |  6.1
Axes           | 1 2 3 4 5 6 |  6.1
Maces & Flails | 1 2 3 4 5 6 |  6.1
Polearms       | 1 2 3 4 5 6 |  6.1
Staves         | 1 2 3 4 5 6 |  6.1
Ranged Weapons | 1 2 3 4 5 6 |  6.1
Throwing       | 1 2 3 4 5 6 |  6.1
Armour         | 1 2 3 4 5 6 |  6.1
Stealth        | 1 2 3 4 5 6 |  6.1
Shields        | 1 2 3 4 5 6 |  6.1
Unarmed Combat | 1 2 3 4 5 6 |  6.1
Spellcasting   | 1 2 3 4 5 6 |  6.1
Evocations     | 1 2 3 4 5 6 |  6.1
Shapeshifting  | 1 2 3 4 5 |  5.5
Conjurations   | 1 2 3 4 5 |  5.0
Hexes          | 1 2 3 4 5 |  5.0
Summonings     | 1 2 3 4 5 |  5.0
Necromancy     | 1 2 3 4 5 |  5.0
Translocations | 1 2 3 4 5 |  5.0
Transmutations | 1 2 3 4 5 |  5.0
Fire Magic     | 1 2 3 4 5 |  5.0
Ice Magic      | 1 2 3 4 5 |  5.0
Air Magic      | 1 2 3 4 5 |  5.0
Earth Magic    | 1 2 3 4 5 |  5.0
Poison Magic   | 1 2 3 4 5 |  5.0
Fighting       | 7 8 9 |  9.0
Short Blades   | 7 8 9 |  9.0
Dodging        | 7 8 9 |  9.0

Action                     |  1- 3 |  4- 6 |  7- 9 | 10-12 || total
---------------------------+-------+-------+-------+-------++-------
  Melee: Short sword       |   479 |   210 |   400 |   130 ||  1219
         Bite              |    87 |    17 |    78 |    45 ||   227
         Dagger            |       |       |       |   233 ||   233
  Throw: Throwing net      |       |     4 |     2 |       ||     6
         Dart              |       |       |       |    20 ||    20
         Javelin           |       |       |       |     6 ||     6
 Invoke: Potion Petition   |       |       |       |     1 ||     1
  Evoke: Wand              |       |       |     9 |     8 ||    17
    Use: Scroll            |     5 |     9 |     8 |     2 ||    24
         Potion            |       |     3 |     2 |     7 ||    12
   Stab: Held in net/web   |       |     4 |     1 |       ||     5
         Distracted        |       |       |     4 |     1 ||     5
         Sleeping          |       |       |       |     2 ||     2
 Armour: Robe              |    33 |       |       |       ||    33
         Leather armour    |    10 |    85 |   176 |   104 ||   375
         Skin              |       |       |       |    14 ||    14
  Dodge: Dodged            |    68 |   116 |   258 |    57 ||   499
  Block: Kite shield       |       |       |    14 |   134 ||   148

Table legend: (Time is in decaauts)
 A = Elapsed time spent in this place.
 B = Non-inter-level travel time spent in this place.
 C = Inter-level travel time spent in this place.
 D = Time resting spent in this place.
 E = Time spent auto-exploring this place.
 F = Levels seen in this place.
 G = Mean time per level.
                   A        B        C        D        E       F      G
               +--------+--------+--------+--------+--------+-----+--------+
         Total |  10408 |   9653 |    755 |   2000 |   5064 |  12 |  867.3 |
       Dungeon |   9453 |   8835 |    618 |   1765 |   4746 |  10 |  945.3 |
        Temple |    138 |      1 |    137 |      0 |      0 |   1 |  138.0 |
         Sewer |    816 |    816 |      0 |    235 |    318 |   1 |  816.0 |
               +--------+--------+--------+--------+--------+-----+--------+

Top non-repeatable levels by time:
     D:6: 1308 daAuts
     D:1: 1308 daAuts
     D:3: 1227 daAuts
     D:5: 958 daAuts
     D:8: 945 daAuts
     D:7: 848 daAuts
     D:9: 840 daAuts
   Sewer: 816 daAuts
     D:4: 812 daAuts
    D:10: 618 daAuts
     D:2: 585 daAuts
  Temple: 138 daAuts
